 Dungeon Crawl Stone Soup version 0.27.1-3-gb3d3a73c9e (webtiles) character file.

Game seed: 12532609435263993546

2 Logos the Magician (level 1, -1/15 HPs)
             Began as a Djinni Enchanter on Oct 17, 2021.
             Frozen to death by an endoplasm (3 damage)
             ... on level 1 of the Dungeon.
             The game lasted 00:00:39 (38 turns).

Logos the Magician (Djinni Enchanter)                 Turns: 38, Time: 00:00:40

Health: -1/15      AC:  2    Str:  7    XL:     1   Next: 44%
Gold:   0          EV: 12    Int: 16    God:
                   SH:  0    Dex: 13

rFire    + + .     SeeInvis .   a - +1 dagger
rCold    x . .     Faith    .   (no shield)
rNeg     . . .     Spirit   .   b - +0 robe
rPois    ∞         Reflect  .   (no helmet)
rElec    .         Harm     .   (no cloak)
rCorr    .         Rampage  .   (no gloves)
Will     .....                  (boots unavailable)
Stlth    ++........             (no amulet)
HPRegen  0.05/turn              (no ring)
MPRegen  0.00/turn              (no ring)

@: flying, very slightly contaminated
A: sickness immunity, fire resistance 2, cold vulnerability 1, float, innate
caster, hp casting, extra vitality 1
a: no special abilities


You were on level 1 of the Dungeon.
You visited 1 branch of the dungeon, and saw 1 of its levels.

Inventory:

Hand Weapons
 a - a +1 dagger (weapon)
 c - a +0 club
Armour
 b - a +0 robe (worn)


   Skills:
 + Level 0.8 Short Blades
 + Level 2.1 Dodging
 + Level 2.4 Stealth
 + Level 2.5 Spellcasting


You couldn't memorise any spells.
You knew the following spells:

 Your Spells              Type           Power      Damage    Failure   Level
a - Corona                Hex            11%        N/A       7%          1
b - Ensorcelled Hibernat  Hex/Ice        20%        N/A       11%         2
c - Confusing Touch       Hex            10%        N/A       21%         3
d - Tukima's Dance        Hex            10%        N/A       21%         3
e - Dazzling Flash        Conj/Hex       20%        N/A       21%         3
Your spell library was empty.

Dungeon Overview and Level Annotations

Branches:
Dungeon (1/15)

Altars:


Innate Abilities, Weirdness & Mutations

You are immune to sickness and miasma.
You are immune to poison.
Your flesh is very heat resistant. (rF++)
You are vulnerable to cold. (rC-)
You float through the air rather than walking.
You learn spells naturally, not from books.
Your magical power is your life essence.
You have superior vitality. (+4 HP)


Message History

The endoplasm is severely wounded.
The endoplasm closely misses you.
You hit the endoplasm.
You kill the endoplasm!
Found 16 stones.
An endoplasm comes into view.
Found a stone staircase leading down.
Found 22 stones.
Casting: Corona (safe; 7% risk of failure)
Confirm with . or Enter, or press ? or * to list all spells.
Aiming: Corona (safe; 7% risk of failure)
Press: ? - help, Shift-Dir - straight line, f - endoplasm
Aim: an endoplasm (asleep, chance to affect: 63%)
You miscast Corona.
You are very lightly contaminated with residual magic.
Nothing appears to happen.
Casting: Corona (safe; 7% risk of failure)
Confirm with . or Enter, or press ? or * to list all spells.
Aiming: Corona (safe; 7% risk of failure)
Press: ? - help, Shift-Dir - straight line, f/p - endoplasm
Aim: an endoplasm (asleep, chance to affect: 63%)
The endoplasm quivers.
The endoplasm is outlined in light.
The endoplasm hits you.
You hit the endoplasm.
The endoplasm is lightly wounded.
The endoplasm closely misses you.
You hit the endoplasm.
The endoplasm is severely wounded.
The endoplasm freezes you.
You are frozen.
You feel a terrible chill!
* * * LOW HITPOINT WARNING * * *
You hit the endoplasm.
The endoplasm is almost dead.
The endoplasm barely misses you.
You hit the endoplasm but do no damage.
The endoplasm is almost dead.
The endoplasm freezes you.
You are frozen.
You feel a terrible chill!
You die...

≈ ≈≈ ♣≈P #####
♣PP####...####
P≈♣≈≈.........##
.≈≈P.#.........####
.P≈≈...@.....#.†..##
.≈≈♣P..J.....#####.###
#PP≈PP.........(
##..###
#PP≈PPP..........
###..'
#.P≈≈≈≈......#### ####
#.#P≈.......># + #
#.........## #
..####...#.


You could see an endoplasm (corona).

Vanquished Creatures
  An endoplasm (D:1)
  A kobold (D:1)
2 creatures vanquished.

Notes
Turn   | Place    | Note
-------+----------+-------------------------------------------
     0 | D:1      | Logos the Djinni Enchanter began the quest for the Orb.
     0 | D:1      | Reached XP level 1. HP: 15/15 MP: 0/0
    38 | D:1      | Frozen to death by an endoplasm

Illustrated notes

Levels and vault maps discovered:
D:1:      dpeg_arrival_radiant, layout_rooms, serial_bayou, serial_bayou_pond_b,
          serial_bayou_pond_b, serial_bayou_lagoon_a, serial_bayou_shore_a,
          serial_bayou_crossing, serial_bayou_shore_b

Action                   || total
-------------------------++-------
Melee: Dagger            ||    11
 Cast: Corona            ||     4
Armor: Robe              ||     2
Dodge: Dodged            ||     8
